 Dungeon Crawl Stone Soup version 0.28.0-43-g3370ac3207 (webtiles) character file.

Game seed: 3430250276583666477

32 issech the Cudgeller (level 3, 0/36 HPs)
             Began as a Troll Monk on Mar 30, 2022.
             Slain by a gnoll
             ... wielding a +2 vorpal spear
              (8 damage)
             ... on level 2 of the Dungeon.
             The game lasted 00:02:36 (1014 turns).

issech the Cudgeller (Troll Monk)                   Turns: 1014, Time: 00:02:37

Health: 0/36       AC:  4    Str: 19    XL:     3   Next: 10%
Magic:  2/2        EV: 10    Int:  6    God:
Gold:   5          SH:  0    Dex: 14    Spells: 2/2 levels left

rFire   . . .      SeeInvis .   a - +0 mace
rCold   . . .      Faith    .   (no shield)
rNeg    . . .      Spirit   .   b - +0 robe
rPois   .          Reflect  .   (helmet restricted)
rElec   .          Harm     .   (no cloak)
rCorr   .          Rampage  .   (gloves unavailable)
Will    .....                   (boots unavailable)
Stlth   ++........              (no amulet)
HPRegen 0.92/turn               (no ring)
MPRegen 0.08/turn               (no ring)

@: no status effects
A: large, unfitting armour, claws 3, regeneration 1, shaggy fur 1, tough skin 1
a: no special abilities


You were on level 2 of the Dungeon.
You visited 1 branch of the dungeon, and saw 2 of its levels.

You collected 5 gold pieces.

Inventory:

Hand Weapons
 a - a +0 mace (weapon)
Missiles
 c - 47 stones (quivered)
 e - 28 arrows
Armour
 b - a +0 robe (worn)
Scrolls
 d - a scroll of magic mapping {unknown}
 f - a scroll of silence {unknown}
 g - a scroll of enchant weapon {unknown}
 i - a scroll of amnesia {unknown}
Potions
 h - a potion of curing {unknown}


   Skills:
 + Level 2.8 Fighting
 + Level 3.2 Maces & Flails
 + Level 2.7 Dodging
 + Level 1.0 Stealth


You had 2 spell levels left.
You didn't know any spells.
Your spell library was empty.

Dungeon Overview and Level Annotations

Branches:
Dungeon (2/15)

Altars:


Innate Abilities, Weirdness & Mutations

You are too large for most types of armour.
You have claws for hands.
Your natural rate of healing is unusually fast.
You are covered in fur. (AC +1)
You have tough skin. (AC +1)


Message History

The kobold shouts!
The kobold throws a stone.
The stone hits you but does no damage.
You hit the kobold.
You kill the kobold!
c - 52 stones (gained 3)
Things that are here:
a +0 club; a kobold corpse Done exploring.
Done exploring.
You aren't carrying any pieces of jewellery.
Okay, then.
There is a stone staircase leading down here.
You climb downwards.
There is a stone staircase leading up here. 2 gnolls come into view.
A gnoll is wielding a +2 vorpal spear.
You throw a stone.
The stone hits the gnoll but does no damage.
The gnoll shouts! x2; You hear an angry hiss.
You throw a stone. The stone closely misses the gnoll.
You throw a stone. The stone hits the gnoll.
The gnoll is lightly wounded.
You throw a stone. The stone barely misses the gnoll.
You throw a stone.
The stone hits the gnoll but does no damage.
The gnoll is lightly wounded.
The gnoll hits you from afar with a +2 vorpal spear.
A kobold comes into view.
It is wielding a +0 dagger of electrocution.
The gnoll hits you from afar with a +0 spear.
An endoplasm comes into view.
The gnoll hits you with a +0 spear.
The gnoll hits you with a +2 vorpal spear.
You closely miss the gnoll. The gnoll hits you with a +0 spear.
The gnoll hits you with a +2 vorpal spear.
You barely miss the gnoll. The gnoll hits you with a +0 spear.
The gnoll hits you with a +2 vorpal spear.
* * * LOW HITPOINT WARNING * * *
x2 The endoplasm quivers.
The gnoll misses you.
The gnoll hits you from afar with a +2 vorpal spear!
You die...

#.# #.# #######.####
K( ...........#
##((########.#.##
#...g...# #.#.#
#...###.# #.#.#
#..J...g####.#.#
..#.....@....#.#
.#########g.######.#
.......#<#..# #.#
.........#..# #.#
............# #.#
#######.###.## #.#
............# #.#
#######.###########.##
#..............#


You could see 2 gnolls and an endoplasm.

Vanquished Creatures
  2 ball pythons (D:1)
  8 endoplasms (D:1)
  A giant cockroach (D:1)
  2 goblins (D:1)
  4 hobgoblins (D:1)
  A quokka (D:1)
  A bat (D:1)
  2 frilled lizards (D:1)
  4 kobolds (D:1)
  3 rats (D:1)
28 creatures vanquished.

Vanquished Creatures (others)
  2 plants (D:1)
2 creatures vanquished.

Grand Total: 30 creatures vanquished

Notes
Turn   | Place    | Note
-------+----------+-------------------------------------------
     0 | D:1      | issech the Troll Monk began the quest for the Orb.
     0 | D:1      | Reached XP level 1. HP: 22/22 MP: 0/0
   182 | D:1      | Reached XP level 2. HP: 29/29 MP: 1/1
   329 | D:1      | Reached skill level 3 in Maces & Flails
   772 | D:1      | Reached XP level 3. HP: 31/36 MP: 2/2
   802 | D:1      | Found a faded altar of an unknown god.
  1014 | D:2      | Slain by a gnoll

Illustrated notes

Levels and vault maps discovered:
D:1:      psy_arrival_wood_between_worlds, layout_basic,
          dreamdust_ecumenical_altar_hidden_monk_grotto
D:2:      layout_basic, minmay_tromino_v7

Skill      XL: |  1  2 |
---------------+-------+-----
Maces & Flails | 3 |  3.2
Fighting       | |  2.8
Dodging        | |  2.7
Stealth        | |  1.0

Action                   || total
-------------------------++-------
Melee: Mace              ||    87
       Punch             ||     1
Throw: Stone             ||    31
Armor: Robe              ||    51
Dodge: Dodged            ||    57
